 Dungeon Sprint DCSS version 0.17.1-1-g73c8601 (webtiles) character file.

12961 xeno23 the Bludgeoner (level 11, 0/168 (169) HPs)
             Began as a Minotaur Berserker on Dec 16, 2015.
             Was the Champion of Trog.
             Succumbed to poison (dark miasma)
             ... in the Dungeon (Sprint III: "The Ten Rune Challenge").
             The game lasted 00:18:04 (2141 turns).

xeno23 the Bludgeoner (Minotaur Berserker)          Turns: 2141, Time: 00:18:05

HP:   0/168 (169)   AC: 24    Str: 29    XL:     11   Next: 69%
MP:   11/11         EV: 13    Int:  2    God:    Trog [******]
Gold: 3962          SH:  0    Dex: 10    Spells: 0 memorised, 10 levels left

rFire  . . .     SeeInvis .     f - +5 great mace (drain)
rCold  + . .     Clarity  .     x - +0 plate armour
rNeg   . . .     SustAt   .     (shield currently unavailable)
rPois  .         Gourm    .     (helmet restricted)
rElec  .         Spirit   .     j - +0 cloak
rCorr  .         Warding  .     u - +0 pair of gloves
rMut   .         NoTele   +     (no boots)
MR     .....                    (no amulet)
Stlth  ..........               (no ring)
                                (no ring)

@: berserking, lethally poisoned (0 -> -74), slowed, not resistant to hostile
enchantments, extremely unstealthy
A: retaliatory headbutt, horns 2, talons 1, rough black scales 1, cold
resistance 1, deterioration 1, dopey 1, high mp 1
a: Berserk, Trog's Hand, Brothers in Arms, Burn Spellbooks, Renounce Religion


You were in the Dungeon.
You worshipped Trog.
Trog was exalted by your worship.
You were not hungry.

You visited 1 branch You collected 4367 gold pieces.
You spent 405 gold pieces at shops.

Inventory:

Hand Weapons
 a - the +6 glaive "Meikhiuch" {flame, rF++ Int-4 Dex+3 SInv, unknown}
   (Trog gifted it to you in the Dungeon)

   It has been specially enchanted to burn those struck by it, causing extra
   injury to most foes and up to half again as much damage against particularly
   susceptible opponents.
   Big, fiery blades are also staple armaments of hydra-hunters.
   It affects your intelligence (-4).
   It affects your dexterity (+3).
   It greatly protects you from fire.
   It lets you see invisible.
 f - a +5 great mace of draining (weapon)
 l - a +3 antimagic triple sword
 C - a +0 blowgun
Missiles
 B - 5 javelins of returning (quivered)
 D - 7 curare-tipped needles
Armour
 j - a +0 cloak (worn)
 u - a +0 pair of gloves (worn)
 x - a +0 plate armour (worn)
Wands
 k - a wand of digging (12)
 v - a wand of flame (26)
Scrolls
 b - a scroll of immolation
 i - 3 scrolls of blinking
 m - 2 scrolls of holy word
 n - 2 scrolls of identify
 o - 3 scrolls of remove curse
 y - a scroll of fear
 A - a scroll of enchant weapon
Potions
 d - a potion of curing
 e - a potion of heal wounds
 g - 2 potions of magic
 h - a potion of berserk rage
 q - 2 potions of cure mutation
Books
 t - a book of Flames

   Spells                             Type                      Level
   a - Flame Tongue                   Conjuration/Fire             1
   b - Throw Flame                    Conjuration/Fire             2
   c - Conjure Flame                  Conjuration/Fire             3
   d - Inner Flame                    Hexes/Fire                   3
   e - Sticky Flame                   Conjuration/Fire             4
   f - Fireball                       Conjuration/Fire             5
   Trog disapproves of the use of such an item.
Miscellaneous
 w - a phantom mirror
Comestibles
 c - a bread ration
 p - 27 royal jellies
 r - a meat ration
 s - 4 chunks of flesh


   Skills:
 + Level 15.6 Fighting
 * Level 20.7 Maces & Flails
 + Level 15.3 Armour
 + Level 14.4 Dodging


You had 10 spell levels left.
You didn't know any spells.

Dungeon Overview and Level Annotations

Branches:
Dungeon (1/1)

Altars:
Cheibriados
Dithmenos
Elyvilon
Fedhas
Gozag
Kikubaaqudgha
Makhleb
Nemelex Xobeh
Okawaru
Qazlal
Ru
Sif Muna
Trog
Vehumet
Xom
Yredelemnul
Zin
The Shining One
Jiyva
Lugonu

Shops:
D ?

Annotations:
D exclusions: door and 1 more exclusion


Innate Abilities, Weirdness & Mutations

You reflexively headbutt those who attack you in melee.
You have a pair of horns on your head.
You have sharp toenails.
You are partially covered in rough black scales (AC +4, Dex -1).
Your flesh is cold resistant.
Your body sometimes deteriorates upon taking damage.
You are dopey. (Int -2)
You have an increased reservoir of magic (+10% MP).


Message History

The skeletal warrior hits you with a trident!
* * * LOW HITPOINT WARNING * * *
You take 21 damage.
You completely miss the skeletal warrior.
Your kick misses the skeletal warrior.
Your headbutt misses the skeletal warrior.
The skeletal warrior is almost destroyed.
You are engulfed in dark miasma.
You are more poisoned.
You feel your flesh rotting away!
You feel as though you will be slow longer.
* * * LOW HITPOINT WARNING * * *
x2 You feel very sick.
You take 4 damage.
You bludgeon the skeletal warrior!!
You feel the power of Trog in you as your rage grows.
You destroy the skeletal warrior!
You are engulfed in dark miasma.
You are more poisoned.
* * * LOW HITPOINT WARNING * * *
You die...

#.))#.§§≈≈#
#...#.#≈≈≈#
#####.# ≈§≈#
#..PP.# ≈§§§
#.....# §≈≈
#.§...#+###§≈
#.....#§§§#
#+#####§§§###
#§§§§§@§§§§§#
#§###########
#.# #§# #§#
#.# #§# #.#
#§#


There were no monsters in sight!

Vanquished Creatures
  Sigmund (D)
  Snorg (D)
  A centaur warrior (D)
  2 deep elf knights (D)
  A skeletal warrior (D)
  An unseen horror (D)
  2 deep elf conjurers (D)
  2 orc knights (D)
  Edmund (D)
  A queen bee (D)
  2 deep elf priests (D)
  2 orc high priests (D)
  A shadow (D)
  A spatial vortex (D)
  An orc warrior (D)
  2 centaurs (D)
  A necrophage (D)
  An earth elemental (D)
  A water elemental (D)
  32 killer bees (D)
  2 orc priests (D)
  A jelly (D)
  Crazy Yiuf (D)
  2 orc wizards (D)
  Jessica (D)
  A necromancer (D)
  A wizard (D)
  3 humans (D)
  A kobold demonologist (D)
  2 oozes (D)
  6 orcs (D)
  A rat (D)
  A plant (D)
80 creatures vanquished.

Vanquished Creatures (collateral kills)
  An orc high priest (D)
  An orc knight (D)
  An orc wizard (D)
  3 orcs (D)
6 creatures vanquished.

Vanquished Creatures (others)
  2 draconian scorchers (D)
  2 yaktaurs (D)
  An orc high priest (D)
  An electric eel (D)
  8 plants (D)
14 creatures vanquished.

Grand Total: 100 creatures vanquished

Notes
Turn   | Place    | Note
--------------------------------------------------------------
     0 | D        | xeno23 the Minotaur Berserker began the quest for the Orb.
     0 | D        | Reached XP level 1. HP: 19/19 MP: 0/0
     5 | D        | Reached skill level 4 in Fighting
     8 | D        | Reached ** piety under Trog
     8 | D        | Reached XP level 2. HP: 22/27 MP: 1/1
    13 | D        | Noticed Jessica
    22 | D        | Killed Jessica
    22 | D        | Reached skill level 5 in Fighting
    22 | D        | Reached skill level 6 in Maces & Flails
    22 | D        | Reached XP level 3. HP: 8/36 MP: 2/2
   171 | D        | Killed a yaktaur
   242 | D        | Killed a yaktaur
   264 | D        | Killed a white draconian scorcher
   274 | D        | Noticed Crazy Yiuf
   280 | D        | Killed a white draconian scorcher
   410 | D        | Killed Crazy Yiuf
   410 | D        | Reached *** piety under Trog
   410 | D        | Reached skill level 7 in Maces & Flails
   410 | D        | Reached skill level 5 in Armour
   410 | D        | Reached XP level 4. HP: 44/44 MP: 3/3
   456 | D        | Noticed a water elemental
   467 | D        | HP: 1/66 [drowned by a water elemental (6)]
   467 | D        | Killed a water elemental
   467 | D        | Reached skill level 8 in Maces & Flails
   467 | D        | Reached skill level 5 in Dodging
   467 | D        | Reached XP level 5. HP: 1/51 MP: 4/4
   748 | D        | Found a glowing silver altar of Zin.
   749 | D        | Found a glowing golden altar of the Shining One.
   749 | D        | Found a white marble altar of Elyvilon.
   749 | D        | Noticed a deep elf priest
   759 | D        | Killed a deep elf priest
   759 | D        | Reached skill level 10 in Maces & Flails
   759 | D        | Reached XP level 6. HP: 54/61 MP: 5/5
   765 | D        | Found an iron altar of Okawaru.
   765 | D        | Found a bloodstained altar of Trog.
   765 | D        | Noticed a human
   765 | D        | Noticed a human
   774 | D        | Killed a human
   774 | D        | Reached skill level 11 in Maces & Flails
   784 | D        | Killed a human
   784 | D        | Reached **** piety under Trog
   784 | D        | Reached skill level 12 in Maces & Flails
   784 | D        | Reached XP level 7. HP: 41/70 MP: 6/6
   798 | D        | Found a basalt altar of Yredelemnul.
   798 | D        | Found a snail-covered altar of Cheibriados.
   798 | D        | Found a blossoming altar of Fedhas.
   798 | D        | Noticed a necrophage
   798 | D        | Noticed a necromancer
   806 | D        | Killed a necromancer
   810 | D        | Killed a necrophage
   836 | D        | Noticed a jelly
   837 | D        | Noticed a shadow
   845 | D        | Killed a jelly
   852 | D        | Killed a shadow
   852 | D        | Reached skill level 13 in Maces & Flails
   880 | D        | Killed an electric eel
  1059 | D        | Found a radiant altar of Vehumet.
  1059 | D        | Found a deep blue altar of Sif Muna.
  1059 | D        | Found an ancient bone altar of Kikubaaqudgha.
  1059 | D        | Noticed a wizard
  1060 | D        | Killed a wizard
  1060 | D        | Reached ***** piety under Trog
  1092 | D        | Found a stormy altar of Qazlal.
  1092 | D        | Noticed a spatial vortex
  1095 | D        | Found a sacrificial altar of Ru.
  1095 | D        | Found a burning altar of Makhleb.
  1095 | D        | Found a viscous altar of Jiyva.
  1095 | D        | Found a shimmering altar of Xom.
  1095 | D        | Found a shadowy altar of Dithmenos.
  1095 | D        | Found a sparkling altar of Nemelex Xobeh.
  1095 | D        | Found a corrupted altar of Lugonu.
  1095 | D        | Found an opulent altar of Gozag.
  1111 | D        | Killed a spatial vortex
  1111 | D        | Reached skill level 10 in Fighting
  1111 | D        | Reached XP level 8. HP: 58/79 MP: 7/7
  1122 | D        | Noticed Snorg
  1132 | D        | Killed Snorg
  1132 | D        | Reached skill level 14 in Maces & Flails
  1132 | D        | Reached skill level 10 in Armour
  1132 | D        | Reached skill level 10 in Dodging
  1134 | D        | Found Kuqo's Magic Scroll Emporium.
  1134 | D        | Noticed an orc wizard
  1134 | D        | Noticed an orc knight
  1134 | D        | Noticed an orc knight
  1134 | D        | Noticed an orc wizard
  1134 | D        | Noticed an orc high priest
  1144 | D        | Killed an orc high priest
  1144 | D        | Reached skill level 15 in Maces & Flails
  1144 | D        | Reached XP level 9. HP: 42/89 MP: 8/8
  1147 | D        | Killed an orc knight
  1149 | D        | Killed an orc wizard
  1150 | D        | Killed an orc knight
  1150 | D        | Received a gift from Trog
  1180 | D        | Killed an orc wizard
  1200 | D        | Noticed an orc wizard
  1203 | D        | Killed an orc wizard
  1203 | D        | Received a gift from Trog
  1205 | D        | Noticed an orc knight
  1206 | D        | Got an encrusted glaive {god gift}
  1216 | D        | Killed an orc knight
  1216 | D        | Reached ****** piety under Trog
  1216 | D        | Reached skill level 16 in Maces & Flails
  1240 | D        | Noticed an orc priest
  1241 | D        | Killed an orc priest
  1253 | D        | Received a gift from Trog
  1257 | D        | Noticed an orc warrior
  1260 | D        | Killed an orc warrior
  1311 | D        | Bought a scroll of immolation for 35 gold pieces
  1311 | D        | Bought a scroll of fear for 35 gold pieces
  1311 | D        | Bought a scroll of identify for 20 gold pieces
  1311 | D        | Bought a scroll of blinking for 75 gold pieces
  1311 | D        | Bought a scroll of blinking for 75 gold pieces
  1311 | D        | Bought a scroll of identify for 20 gold pieces
  1311 | D        | Bought a scroll of enchant weapon for 75 gold pieces
  1311 | D        | Bought a scroll of identify for 20 gold pieces
  1311 | D        | Bought a scroll of identify for 20 gold pieces
  1311 | D        | Bought a scroll of remove curse for 30 gold pieces
  1314 | D        | Gained mutation: You are partially covered in rough black scales (AC +4, Dex -1). [potion of mutation]
  1314 | D        | Gained mutation: You are dopey. (Int -2) [potion of mutation]
  1314 | D        | Gained mutation: You have sharp toenails. [potion of mutation]
  1315 | D        | Gained mutation: Your flesh is cold resistant. [potion of mutation]
  1315 | D        | Gained mutation: Your body sometimes deteriorates upon taking damage. [potion of mutation]
  1315 | D        | Gained mutation: You have an increased reservoir of magic (+10% MP). [potion of mutation]
  1325 | D        | Noticed an earth elemental
  1334 | D        | Killed an earth elemental
  1341 | D        | Noticed a centaur
  1341 | D        | Noticed a centaur warrior
  1341 | D        | Noticed a centaur
  1351 | D        | Killed a centaur warrior
  1351 | D        | Reached XP level 10. HP: 100/100 MP: 10/10
  1353 | D        | Killed a centaur
  1353 | D        | Reached skill level 17 in Maces & Flails
  1355 | D        | Killed a centaur
  1387 | D        | Killed an unseen horror
  1387 | D        | Received a gift from Trog
  1423 | D        | Noticed a deep elf conjurer
  1423 | D        | Noticed a deep elf knight
  1423 | D        | Noticed a deep elf knight
  1423 | D        | Noticed a deep elf priest
  1423 | D        | Noticed a deep elf conjurer
  1441 | D        | Killed a deep elf knight
  1442 | D        | Killed a deep elf knight
  1442 | D        | Reached skill level 18 in Maces & Flails
  1445 | D        | Killed a deep elf conjurer
  1445 | D        | Received a gift from Trog
  1448 | D        | Killed a deep elf conjurer
  1452 | D        | Killed a deep elf priest
  1452 | D        | Received a gift from Trog
  1565 | D        | Noticed Sigmund
  1565 | D        | Noticed Edmund
  1576 | D        | Killed Edmund
  1578 | D        | Killed Sigmund
  1578 | D        | Reached skill level 15 in Fighting
  1578 | D        | Reached skill level 19 in Maces & Flails
  1578 | D        | Reached XP level 11. HP: 112/112 MP: 11/11
  1595 | D        | Noticed a wandering mushroom
  1610 | D        | Noticed a killer bee
  1610 | D        | Noticed a killer bee
  1610 | D        | Noticed a killer bee
  1610 | D        | Noticed a killer bee
  1610 | D        | Noticed a killer bee
  1610 | D        | Noticed a killer bee
  1610 | D        | Noticed a killer bee
  1610 | D        | Noticed a killer bee
  1610 | D        | Noticed a killer bee
  1610 | D        | Noticed a killer bee
  1610 | D        | Noticed a killer bee
  1610 | D        | Noticed a killer bee
  1610 | D        | Noticed a killer bee
  1610 | D        | Noticed a killer bee
  1610 | D        | Noticed a killer bee
  1610 | D        | Noticed a killer bee
  1610 | D        | Noticed a killer bee
  1610 | D        | Noticed a killer bee
  1612 | D        | Noticed a killer bee
  1612 | D        | Killed a killer bee
  1614 | D        | Noticed a killer bee
  1614 | D        | Noticed a killer bee
  1615 | D        | Noticed a killer bee
  1616 | D        | Killed a killer bee
  1617 | D        | Noticed a queen bee
  1619 | D        | Noticed a killer bee
  1621 | D        | Killed a killer bee
  1621 | D        | Reached skill level 20 in Maces & Flails
  1622 | D        | Killed a killer bee
  1622 | D        | Received a gift from Trog
  1625 | D        | Killed a killer bee
  1626 | D        | Noticed a killer bee
  1626 | D        | Killed a killer bee
  1628 | D        | Killed a killer bee
  1629 | D        | Noticed a killer bee
  1629 | D        | Noticed a killer bee
  1629 | D        | Noticed a killer bee
  1629 | D        | Noticed a killer bee
  1629 | D        | Noticed a killer bee
  1629 | D        | Noticed a killer bee
  1629 | D        | Noticed a killer bee
  1629 | D        | Noticed a killer bee
  1631 | D        | Killed a killer bee
  1638 | D        | Killed a killer bee
  1644 | D        | Killed a killer bee
  1644 | D        | Received a gift from Trog
  1646 | D        | Killed a killer bee
  1647 | D        | Killed a killer bee
  1648 | D        | Killed a killer bee
  1648 | D        | Reached skill level 15 in Armour
  1651 | D        | Killed a killer bee
  1654 | D        | Killed a killer bee
  1656 | D        | Killed a killer bee
  1657 | D        | Killed a killer bee
  1657 | D        | Received a gift from Trog
  1660 | D        | Killed a killer bee
  1661 | D        | Killed a killer bee
  1662 | D        | Killed a killer bee
  1663 | D        | Killed a killer bee
  1665 | D        | Killed a killer bee
  1668 | D        | Killed a killer bee
  1672 | D        | Killed a killer bee
  1676 | D        | Killed a killer bee
  1676 | D        | Received a gift from Trog
  1679 | D        | Killed a killer bee
  1681 | D        | Killed a killer bee
  1682 | D        | Killed a killer bee
  1683 | D        | Killed a killer bee
  1684 | D        | Killed a killer bee
  1685 | D        | Killed a killer bee
  1687 | D        | Killed a killer bee
  1689 | D        | Killed a queen bee
  1689 | D        | Received a gift from Trog
  1765 | D        | Noticed an orc priest
  1765 | D        | Noticed an orc high priest
  1766 | D        | Noticed an orc high priest
  1777 | D        | Killed an orc priest
  1824 | D        | Noticed a deep elf annihilator
  1825 | D        | Noticed a deep elf death mage
  1826 | D        | Noticed a deep elf conjurer
  1827 | D        | Noticed a deep elf annihilator
  1827 | D        | Noticed a deep elf master archer
  1827 | D        | Noticed a deep elf annihilator
  1855 | D        | Killed an orc high priest
  2067 | D        | Killed an orc high priest
  2093 | D        | Killed an orc high priest
  2133 | D        | Noticed a skeletal warrior
  2136 | D        | HP: 5/113 [skeletal warrior/trident (15)]
  2141 | D        | Killed a skeletal warrior
  2141 | D        | HP: 4/168 [something (6)]
  2141 | D        | Succumbed to poison (dark miasma)

Action                   |  1- 3 |  4- 6 |  7- 9 | 10-12 || total
-------------------------+-------+-------+-------+-------++-------
Melee: Mace              |    18 |    30 |    49 |       ||    97
       Great mace        |       |       |    30 |   135 ||   165
Invok: Berserk           |     1 |     1 |     3 |     2 ||     7
       Brothers in Arms  |       |       |     1 |       ||     1
       Trog's Hand       |       |       |     1 |     3 ||     4
  Use: Potion            |       |       |     4 |     3 ||     7
       Scroll            |       |       |     4 |       ||     4
 Stab: Sleeping          |     1 |       |       |       ||     1
  Eat: Chunk             |       |       |     6 |     6 ||    12
